AoeStats
← 种田低手

Arena

510536078Analyzed
4v4 RM · 17h ago on Oct 1, 2026· 50m 37s· 8 players
Game mode
Random Map
Map size
Large (8 player)
Population
200
Speed
Normal
Resources
Standard
Victory
Conquest
Starting age
Dark Age
Ending age
Imperial Age
RankedLock teamsTeams togetherTeam positionsShared explorationLock speedFull tech treeHidden civsTurbo modeCheats
Victory
Defeat
🇨🇳 Spanish · China
1025
+15
🇧🇷 Franks · Brazil
1014
+16
🇨🇳 Britons · China
978
+17
🇦🇷 Huns · Argentina
971
+17
🇷🇺 Poles · Russia
1034
-17
🇨🇳 Bohemians · China
1033
-18
🇨🇦 Danes · Canada
982
-15
🇹🇷 Spanish · Türkiye
963
-15
Rage of Khorne
0:37 Loom
11:00 Feudal Age
12:05 Double-Bit Axe
12:03 Horse Collar
19:12 Castle Age
17:32 Stone Mining
21:57 Stone Shaft Mining
27:27 Wheelbarrow
27:06 Bow Saw
26:59 Heavy Plow
26:52 Gold Mining
28:48 Scale Mail Armor
31:20 Forging
31:29 Hand Cart
32:01 Gold Shaft Mining
34:15 Hamask
36:33 Chain Mail Armor
36:54 Iron Casting
36:08 Gambesons
36:23 Squires
36:09 Arson
38:36 Pikeman
49:17 Masonry
49:03 Murder Holes
49:50 Elite Skirmisher
永不投降嘻嘻
10:16 Feudal Age
12:22 Loom
15:07 Castle Age
13:09 Double-Bit Axe
14:29 Horse Collar
21:12 Bow Saw
22:34 Heavy Plow
29:47 Imperial Age
27:44 Fletching
30:02 Chemistry
30:16 Pikeman
32:31 Masonry
32:28 Halberdier
34:39 Bodkin Arrow
34:58 Padded Archer Armor
34:59 Scale Mail Armor
35:09 Forging
35:02 Arrowslits
36:21 Fortified Wall
76561199137489861
8:11 Loom
11:08 Feudal Age
11:42 Double-Bit Axe
11:38 Horse Collar
16:50 Castle Age
16:34 Gold Mining
16:36 Stone Mining
19:11 Bow Saw
22:08 Fletching
25:57 Szlachta Privileges
26:01 Heavy Plow
26:53 Husbandry
27:03 Bloodlines
28:09 Stone Shaft Mining
32:20 Imperial Age
32:04 Wheelbarrow
32:12 Scale Barding Armor
32:17 Forging
34:13 Chain Barding Armor
33:41 Cavalier
35:37 Light Cavalry
36:42 Lechitic Legacy
36:10 Town Watch
37:29 Conscription
37:45 Hoardings
38:17 Chemistry
40:44 Iron Casting
40:04 Bodkin Arrow
40:10 Padded Archer Armor
41:35 Crop Rotation
41:25 Winged Hussar
44:05 Blast Furnace
45:34 Pikeman
46:14 Squires
TidierCast1585
1:55 Loom
11:13 Feudal Age
16:01 Castle Age
16:38 Horse Collar
38:11 Fletching
38:23 Elite Skirmisher
41:33 Thumb Ring
45:10 Double-Bit Axe
46:40 Bodkin Arrow
46:45 Padded Archer Armor
46:32 Pikeman
El Lobizon Chinchu
3:21 Loom
10:32 Feudal Age
17:34 Castle Age
16:32 Double-Bit Axe
16:31 Horse Collar
16:44 Stone Mining
16:48 Gold Mining
17:41 Wheelbarrow
19:17 Bow Saw
19:21 Heavy Plow
22:32 Pikeman
29:46 Wheelbarrow
31:29 Hand Cart
35:33 Imperial Age
种田低手
10:57 Feudal Age
14:33 Castle Age
12:20 Double-Bit Axe
12:34 Horse Collar
15:41 Gold Mining
20:03 Padded Archer Armor
21:02 Bow Saw
20:45 Loom
23:50 Wheelbarrow
24:04 Leather Archer Armor
25:20 Gold Mining
25:21 Stone Mining
25:32 Heavy Plow
30:11 Imperial Age
27:52 Town Watch
28:58 Fletching
29:26 Hand Cart
32:05 Chemistry
31:47 Ring Archer Armor
36:54 Two-Man Saw
37:09 Guilds
37:17 Elite Conquistador
38:17 Conscription
40:07 Masonry
39:52 Murder Holes
40:08 Fortified Wall
39:55 Bodkin Arrow
40:07 Scale Barding Armor
40:24 Ballistics
40:49 Hoardings
42:00 Supremacy
43:44 Town Patrol
43:46 Bracer
44:06 Chain Barding Armor
43:47 Scale Mail Armor
43:57 Forging
43:45 Murder Holes
45:12 Architecture
47:42 Coinage
51:15 Banking
xxzxg_Nono
11:27 Feudal Age
15:37 Castle Age
13:29 Double-Bit Axe
13:31 Horse Collar
13:54 Double-Bit Axe
17:00 Bow Saw
18:16 Fletching
19:43 Heavy Plow
19:57 Bodkin Arrow
21:47 Gold Mining
25:03 Ballistics
26:10 Yeomen
29:49 Imperial Age
28:15 Scale Mail Armor
28:26 Forging
28:57 Gold Shaft Mining
29:28 Pikeman
32:33 Chemistry
32:26 Conscription
种田美眉
10:52 Feudal Age
14:39 Castle Age
12:56 Double-Bit Axe
16:02 Bow Saw
23:43 Gold Mining
27:52 Imperial Age
25:56 Scale Barding Armor
26:01 Forging
25:46 Stone Mining
26:47 Forging
26:58 Chain Barding Armor
28:13 Gold Shaft Mining
28:21 Iron Casting
29:16 Plate Barding Armor
28:24 Cavalier
29:48 Husbandry
31:08 Blast Furnace
29:59 Fletching
31:26 Conscription
31:32 Conscription
31:13 Paladin
35:26 Bodkin Arrow
35:48 Fortified Wall
42:24 Hoardings
Connection lost

Rejoining the realm…

Still unreachable

The connection could not be restored.

Session expired

The server has moved on; the page needs a fresh start.